Map: Kairos Junction LE

Players

TiPtOP - Winner!

  • Race: Terran Terran
  • Spawn Location: 11:00

Knightofwhal

  • Race: Terran Terran
  • League: Silver
  • Spawn Location: 5:00

VOD

Have the link to the VOD?

Description

Time

  • Played on: May 7, 2019, 1:35 a.m.
  • Length: 7:40
Show
View Real Time Build Order
Export as new Build Order

TiPtOP Terran - Winner!

Build Orders:  

Get SALT Encoding   

  12  0:01  SCV  
  13  0:14  SCV  
  13  0:18  Supply Depot  
  14  0:27  SCV  
  15  0:32  Refinery  
  15  0:45  Barracks  
  15  0:47  SCV  
  16  1:00  SCV  
  17  1:12  SCV  
  18  1:20  Barracks  
  18  1:24  SCV  
  19  1:36  SCV  
  20  1:40  Factory  
  20  1:47  Supply Depot  
  20  1:58  Reaper  
  22  2:18  Barracks Reactor  
  21  2:30  Refinery  
  21  2:32  SCV  
  21  2:35  Barracks Tech Lab  
  22  2:44  SCV  
  23  2:56  SCV  
  24  3:04  Starport  
  24  3:12  SCV  
  24  3:44  Starport Reactor  
  24  3:47  Marine x2  
  26  3:49  Marauder  
  28  3:59  Bunker, SCV  
  29  4:11  SCV  
  29  4:13  Command Center  
  30  4:23  SCV  
  31  4:30  Supply Depot  
  31  4:42  Supply Depot  
  31  4:43  Supply Depot  
  31  4:49  Orbital Command  
  31  4:51  Marine x2  
  31  4:52  Marauder, Medivac x2  
  39  4:53  Stimpack  
  39  5:09  Marine x2  
  39  5:13  Marauder  
  43  5:18  SCV, Supply Depot  
  44  5:27  SCV  
  45  5:32  Marine x2  
  45  5:35  Marauder  
  49  5:39  Engineering Bay  
  49  5:58  Command Center  
  49  6:07  SCV x2  
  49  6:10  Marine x2, Marauder  
  55  6:23  SCV x2  
  57  6:27  Marine x2  
  57  6:31  Marauder  
  61  6:35  SCV  
  61  6:39  Supply Depot  
  62  6:40  Supply Depot  
Show
View Real Time Build Order
Export as new Build Order

Knightofwhal Terran 

Build Orders:  

Get SALT Encoding   

  12  0:01  SCV  
  13  0:13  SCV  
  14  0:18  Supply Depot  
  14  0:25  SCV  
  15  0:40  SCV  
  15  0:41  Barracks  
  16  0:47  Refinery  
  16  0:52  SCV  
  17  1:04  SCV  
  18  1:16  SCV  
  19  1:28  SCV  
  20  1:33  Supply Depot  
  20  1:35  Barracks Tech Lab  
  20  1:45  Orbital Command  
  20  1:49  Refinery  
  20  2:04  Factory  
  20  2:12  SCV  
  21  2:24  SCV, Command Center  
  22  2:36  Marine  
  22  2:37  SCV  
  24  2:47  Engineering Bay  
  24  2:49  SCV  
  25  2:54  Marine  
  26  3:01  SCV  
  27  3:13  SCV  
  27  3:19  Missile Turret  
  27  3:37  SCV, Orbital Command  
  28  3:46  Factory Tech Lab  
  28  3:49  SCV  
  29  3:58  Stimpack  
  29  4:00  Missile Turret, Starport  
  29  4:01  SCV  
  30  4:13  SCV  
  30  4:16  Siege Tank, Barracks  
  34  4:19  SCV  
  35  4:25  SCV  
  36  4:37  SCV, Terran Infantry Weapons Level 1  
  37  4:45  Engineering Bay  
  37  4:48  Starport Tech Lab  
  37  4:49  Starport Reactor  
  37  5:03  Supply Depot  
  37  5:05  Marine  
  37  5:06  Barracks Reactor  
  38  5:11  SCV x2, Armory  
  38  5:13  Terran Infantry Armor Level 1  
  40  5:26  Viking, Supply Depot  
  40  5:27  Command Center, Medivac  
  45  5:35  SCV  
  45  5:40  Refinery x2  
  45  5:45  SCV  
  45  5:47  SCV  
  47  5:52  Supply Depot  
  47  5:57  SCV  
  47  5:58  Combat Shield  
  47  6:00  SCV  
  47  6:04  Barracks  
  49  6:11  Siege Tank  
  52  6:12  SCV  
  52  6:16  Supply Depot  
  53  6:19  SCV  
  53  6:24  SCV  
  55  6:27  Marine  
  55  6:30  Marine x2  
  58  6:36  SCV  
  59  6:45  Marine  
  60  6:47  SCV  
  60  6:48  SCV, Marine x2  
  60  6:51  Marine  
  62  6:56  Barracks  
  62  6:59  SCV  
  62  7:00  SCV  
  64  7:03  Marine  
  64  7:05  Marine  
  64  7:06  Marine  
  61  7:09  Marine  
  61  7:12  SCV x2  
  58  7:21  Marine  
Tags
 
Add a new tag
Caveats
  • Supply blocks, unpowered buildings, or Contaminate may cause inaccurate times.
  • Supply counts are checked every 10 seconds.